 Dungeon Crawl Stone Soup version 0.29-a0-207-gf982a884d8 (webtiles) character file.

Game seed: 1446833876266119086

18310 spaghetti the Severer (level 12, -10/100 HPs)
             Began as a Deep Dwarf Delver on Feb 23, 2022.
             Was the Champion of Okawaru.
             Mangled by an orc knight
             ... wielding a +0 halberd
              (23 damage)
             ... on level 12 of the Dungeon.
             The game lasted 00:43:01 (10198 turns).

spaghetti the Severer (Deep Dwarf Delver)          Turns: 10198, Time: 00:43:02

Health: -10/100    AC: 34    Str: 21    XL:     12   Next: 26%
Magic:  20/21 (12) EV: 10    Int: 17    God:    Okawaru [******]
Gold:   697        SH:  6    Dex: 14    Spells: 11/11 levels left

rFire   + . .      SeeInvis .   a - +2 broad axe of Kuyz {flame, Will+, axe}
rCold   + . .      Faith    .   p - +0 buckler
rNeg    . . .      Spirit   .   o - +0 plate armour
rPois   .          Reflect  .   r - +2 helmet
rElec   .          Harm     .   w - scarf {rC+ rF+}
rCorr   .          Rampage  .   j - +0 pair of gloves
Will    ++...                   J - +2 pair of boots "Riun" {MP+9 Int+6}
Stlth   ..........              (no amulet)
HPRegen 0.00/turn               y - +4 ring of protection
MPRegen 0.17/turn               G - +4 ring of protection

@: mighty, heroic
A: damage resistance, heal wounds, sense surroundings 2, no regeneration
a: Heal Wounds, Renounce Religion, Heroism, Finesse, Duel


You were on level 12 of the Dungeon.
You worshipped Okawaru.
Okawaru was exalted by your worship.
You visited 2 branches of the dungeon, and saw 13 of its levels.

You collected 697 gold pieces.


Innate Abilities, Weirdness & Mutations

You are resistant to damage.
You can heal yourself by infusing magical energy.
You passively map the area around you.
You do not regenerate.


   Skills:
 - Level 4.5(9.5) Fighting
 - Level 17.2(22.2) Axes
 - Level 4.3(9.3) Slings
 + Level 11.4(16.4) Armour
 - Level 2.4(7.4) Dodging
 - Level 6.1(11.1) Stealth
 - Level 4.2(9.2) Shields


You had 11 spell levels left.
You didn't know any spells.
Your spell library contained the following spells:

 Spells                   Type           Power      Damage    Failure   Level
 Apportation              Tloc           0%         N/A       95%         1
 Shock                    Conj/Air       0%         1d3       95%         1
 Ensorcelled Hibernation  Hex/Ice        0%         N/A       99%         2
 Passwall                 Tmut/Erth      0%         N/A       99%         2
 Swiftness                Air            0%         N/A       100%        3
 Airstrike                Air            0%         N/A       100%        4
 Animate Skeleton         Necr           Unusable   N/A       N/A         1
 Summon Small Mammal      Summ           Unusable   N/A       N/A         1

Inventory:

Hand Weapons
 a - the +2 broad axe of Kuyz (weapon) {flame, Will+, axe}
   (You acquired it on level 6 of the Dungeon)

   It burns those it strikes, dealing additional fire damage.
   Big, fiery blades are also staple armaments of hydra-hunters.
   Will:      It increases your willpower.
 b - the +7 fustibalus of the Bear {flame, rElec, sling}
   (Okawaru gifted it to you on level 10 of the Dungeon)

   Any ammunition fired from it burns those it strikes, dealing additional fire
   damage.
   rElec:     It insulates you from electricity.
 z - the +6 mace of Action {drain, rPois MP+9, mace}
   (You found it on level 10 of the Dungeon)

   A truly terrible weapon, it drains the life of any living foe it strikes.
   rPois:     It protects you from poison.
   MP:        It affects your magic capacity (+9).
Missiles
 e - 2 javelins {throwing}
 h - 32 poisoned darts (quivered) {throwing}
 m - 8 atropa-tipped darts {throwing}
 s - 316 stones {throwing}
 A - 2 silver javelins {throwing}
 B - 3 silver boomerangs {throwing}
 D - 2 curare-tipped darts {=fthrowing}
 Y - 5 datura-tipped darts {throwing}
Armour
 j - a +0 pair of gloves (worn)
   (You found it on level 1 of the Dungeon)
 o - a +0 plate armour (worn)
   (You took it off a kobold on level 9 of the Dungeon)
 p - a +0 buckler (worn)
   (You found it on level 1 of the Dungeon)
 r - a +2 helmet (worn)
   (You took it off Robin on level 3 of the Dungeon)
 w - a scarf of resistance (worn)
   (You found it on level 3 of the Dungeon)
 E - a +0 robe
   (You took it off a kobold demonologist on level 12 of the Dungeon)
 J - the +2 pair of boots "Riun" (worn) {MP+9 Int+6}
   (Okawaru gifted it to you on level 11 of the Dungeon)

   Int:       It affects your intelligence (+6).
   MP:        It affects your magic capacity (+9).
Magical Staves
 I - a staff of cold {!astaff}
   (You found it on level 7 of the Dungeon)
Jewellery
 n - a +6 ring of dexterity
   (You found it on level 9 of the Dungeon)
 y - a +4 ring of protection (left hand)
   (You found it on level 5 of the Dungeon)
 G - a +4 ring of protection (right hand)
   (You found it on level 7 of the Dungeon)
 U - a ring of resist corrosion
   (You found it on level 7 of the Dungeon)
 Z - a ring of see invisible
   (You found it on level 6 of the Dungeon)
Wands
 f - a wand of mindburst (4)
   (You found it on level 11 of the Dungeon)
 g - a wand of digging (3)
 u - a wand of acid (1)
   (You found it on level 7 of the Dungeon)
 C - a wand of flame (7)
   (You took it off Sigmund on level 4 of the Dungeon)
 M - a wand of iceblast (17)
   (You found it on level 6 of the Dungeon)
 N - a wand of polymorph (7)
   (You found it on level 5 of the Dungeon)
Scrolls
 c - 2 scrolls of fog
 k - a scroll of summoning
 l - 4 scrolls of teleportation {@r4}
 q - 3 scrolls of enchant weapon
 t - 2 scrolls of identify {@r1}
 v - 2 scrolls of silence {!r}
 F - a scroll of holy word
 S - a scroll of torment {!r}
 T - a scroll of enchant armour
 W - 2 scrolls of immolation {!r!r}
Potions
 d - 2 potions of attraction {!q}
 i - 3 potions of degeneration {!q@e2}
 x - 2 potions of flight
 H - a potion of might
 R - a potion of brilliance

Dungeon Overview and Level Annotations

Branches:
Dungeon (12/15)            Temple (0/1) D:6            Lair (1/6) D:9
    Orc (0/2) D:10

Altars:
Ashenzari
Cheibriados
Elyvilon
Gozag
Makhleb
Okawaru
Qazlal
Trog
Vehumet
Wu Jian
Zin
The Shining One

Shops:
D:1 :

Portals:
Trove: D:12 (give horn of Geryon)

Annotations:
D:5 3 runed translucent doors, HuGe's ghost, novice MiBe
D:11 exclusion: two-headed ogre

#.......# #.......#
##'###### #.## #..##
##..# #######'###
####### #.........#
#......
#.@o.)...^###...)..
#.)...).)('ยง#.....o
#......(..#.ยง.ooo..
#############.ยง)...
#######


You could see a neutral orc knight (fast, strong, insane, very poisoned, slow).


Message History

The datura-tipped dart {throwing} hits the orc knight.
The orc knight shakes off its lethargy.
The orc knight flies into a frenzy!
The orc knight hits the orc with a +0 halberd!!
The orc dies!
Unknown command.
The orc knight hits the orc with a +0 halberd!!!
The orc dies!
The orc knight barely misses the orc.
The +2 broad axe of Kuyz {flame, Will+, axe} stops flaming.
The +7 fustibalus of the Bear {flame, rElec, sling} bursts into flame!
b - the +7 fustibalus of the Bear (weapon)
{flame, rElec, sling} Fire: b) +7 fustibalus of the Bear {flame, rElec, sling}
Press: ? - help, Q - select action, (/) - cycle Shift-Dir - straight line, f/p - orc knight
Aim: an orc knight, wielding a +0 halberd and wearing a +0 plate armour (lightly wounded, fast, strong, frenzied and insane, very poisoned, 66% to hit)
You shoot a sling bullet.
The sling bullet hits the orc knight but does no damage.
The orc knight hits the orc from afar with a +0 halberd!!
The orc dies!
Fire: b) +7 fustibalus of the Bear {flame, rElec, sling}
Press: ? - help, Q - select action, (/) - cycle Shift-Dir - straight line, f/p - orc knight
Aim: an orc knight, wielding a +0 halberd and wearing a +0 plate armour (lightly wounded, fast, strong, frenzied and insane, poisoned, 66% to hit)
You shoot a sling bullet. The sling bullet hits the orc knight.
The sling bullet burns the orc knight.
The orc knight hits you from afar with a +0 halberd!
* * * LOW HITPOINT WARNING * * *
๐Ÿ˜ฑ HP[-13]
You take 13 damage, and now have 19/100 hp.
Okay, then.
Okay, then.
Press: ? - help, v - describe, . - travel
Here: an orc knight, wielding a +0 halberd and wearing a +0 plate armour (moderately wounded, fast, strong, frenzied and insane, poisoned)
The floor.
Okay, then.
Okay, then.
Okay, then.
Okay, then.
Okay, then.
Okay, then.
You fail to use your ability.
You block the orc knight's attack.
The orc knight hits you from afar with a +0 halberd!
* * * LOW HITPOINT WARNING * * *
๐Ÿ˜ฑ HP[-9]
You take 9 damage, and now have 10/100 hp.
Unknown command.
You feel much better.
The orc knight completely misses you. ๐Ÿ˜จ HP[+16]
You regained 16 hp, and now have 26/100 hp.
You gain the combat prowess of a mighty hero.
The orc knight hits you but does no damage. x2 ๐Ÿ˜จ MP[-2]
You lost 2 mp, and now have 19/21 mp.
Unknown command.
The orc knight hits you with a +0 halberd.
* * * LOW HITPOINT WARNING * * *
Things that are here:
a +0 club {mace}; a +0 leather armour; an orc corpse ๐Ÿ˜ฑ HP[-2]
You take 2 damage, and now have 24/100 hp.
Really attack while wielding the +7 fustibalus of the Bear {flame, rElec, sling}?
Okay, then.
Unknown command.
The +7 fustibalus of the Bear {flame, rElec, sling} stops flaming.
The +2 broad axe of Kuyz {flame, Will+, axe} bursts into flame!
a - the +2 broad axe of Kuyz (weapon)
{flame, Will+, axe} The orc knight closely misses you.
You feel very mighty all of a sudden.
The orc knight hits you with a +0 halberd!
* * * LOW HITPOINT WARNING * * *
๐Ÿ˜ฑ HP[-10]
You take 10 damage, and now have 14/100 hp.
Unknown command.
You feel much better.
The orc knight hits you with a +0 halberd!!
* * * LOW HITPOINT WARNING * * *
The orc knight barely misses you. ๐Ÿ˜จ HP[+19]
You regained 19 hp, and now have 33/100 hp.
You hit the orc knight. You burn the orc knight.
The orc knight looks more healthy.
The orc knight hits you but does no damage.
You hit the orc knight. You burn the orc knight.
The orc knight hits you but does no damage. ๐Ÿ˜จ MP[+1] Unknown command.
You closely miss the orc knight.
The orc knight hits you with a +0 halberd!!
* * * LOW HITPOINT WARNING * * *
๐Ÿ˜ฑ HP[-20]
You take 20 damage, and now have 13/100 hp.
Unknown command.
Throw: 3 darts (curare) {=fthrowing}
Press: ? - help, Shift-Dir - straight line, f/p - orc knight
Aim: an orc knight, wielding a +0 halberd and wearing a +0 plate armour (heavily wounded, fast, strong, frenzied and insane, 66% to hit)
You throw a curare-tipped dart {=fthrowing}.
The curare-tipped dart {=fthrowing} hits the orc knight.
The orc knight is poisoned.
The orc knight convulses.
The orc knight seems to slow down.
The orc knight hits you with a +0 halberd!!
You die...

Skill      XL: |  1  2  3  4  5  6  7  8  9 10 11 12 |
---------------+-------------------------------------+-----
Axes           | 3 4 9 13 16 17 | 17.2
Shields        | 1 2 3 4 |  4.2
Slings         | 2 3 4 |  4.3
Fighting       | 3 4 |  4.5
Armour         | 1 2 3 4 9 11 | 11.4
Dodging        | |  2.4
Stealth        | |  6.1

Action                   |  1- 3 |  4- 6 |  7- 9 | 10-12 || total
-------------------------+-------+-------+-------+-------++-------
Melee: War axe           |     8 |       |       |       ||     8
       Hand axe          |     5 |       |       |       ||     5
       Flail             |    83 |    30 |       |       ||   113
       Punch             |     2 |       |       |       ||     2
       Dagger            |       |   117 |    28 |       ||   145
       Broad axe         |       |       |   150 |   303 ||   453
       Falchion          |       |       |    21 |       ||    21
 Fire: Hunting sling     |    31 |    22 |    83 |     3 ||   139
       Fustibalus        |       |       |       |    23 ||    23
Throw: Stone             |     6 |     7 |     8 |       ||    21
       Dart              |       |       |     7 |    79 ||    86
       Javelin           |       |       |       |     2 ||     2
Invok: Heroism           |       |       |     1 |     3 ||     4
 Abil: Heal Wounds       |     1 |     2 |     5 |    18 ||    26
Evoke: Wand              |       |       |     5 |     2 ||     7
  Use: Scroll            |     9 |     2 |     7 |     3 ||    21
       Potion            |     5 |     1 |    11 |     2 ||    19
 Stab: Sleeping          |     5 |       |     1 |       ||     6
Armor: Leather armour    |    19 |       |       |       ||    19
       Scale mail        |    18 |    70 |   103 |       ||   191
       Robe              |       |       |    17 |    76 ||    93
       Plate armour      |       |       |       |   112 ||   112
Dodge: Dodged            |    52 |    49 |   100 |   112 ||   313
Block: Buckler           |     4 |    33 |    41 |    45 ||   123

Levels and vault maps discovered:
D:1:      lemuel_arrival_lava_pool, layout_loops_ring, serial_shops,
          nicolae_shop_advertising_works [nicolae_subvault_shop_adworks]
D:2:      layout_basic, serial_bayou_pond_e
D:3:      layout_basic, grunt_temple_overflow_gold_and_silver,
          lemuel_tele_altar, uniq_robin
D:4:      layout_rooms, pdpol_wu_jian_five_deadly_venoms, sigmund_army
D:5:      layout_loops_corners, mainiacjoe_overflow_catch_the_wave,
          gammafunk_ghost_icy, chequers_decorated_corner,
          roderic_nine_men_s_morris
D:6:      layout_gridville, minmay_temple_entry_crystal_x
D:7:      layout_basic
D:8:      layout_cave_pools, mainiacjoe_overflow_concentric_impassable,
          mainiacjoe_overflow_boulevard, amcnicky_altar_gilded, uniq_maurice,
          uniq_gastronok
D:9:      layout_roguey, lemuel_doored_altar, mainiacjoe_overflow_big_doors,
          dpeg_oklobed_lair, st_stairs_9, columned_hall_lemuel
D:10:     layout_loops_ring, orc_0_dummy, onia_ninara_cookie
D:11:     layout_roguey, portal_ice_cave_entry_pillars_1
D:12:     layout_roguey, enter_trove_2, worms_lemuel
Lair:1:   layout_loops_ring, nicolae_volcano_entry_s_turn,
          chequers_serial_rivers_micro_d, nicolae_quartered_pool_impasse,
          cheibrodos_lair_lostbears

Notes
Turn   | Place    | Note
-------+----------+-------------------------------------------
     0 | D:5      | spaghetti the Deep Dwarf Delver began the quest for the
                  | Orb.
     0 | D:5      | Reached XP level 1. HP: 20/20 MP: 1/1
     0 | D:5      | magus.rc [v1.9.6]
    20 | D:5      | Found a runed translucent gate.
    20 | D:5      | Found a runed translucent gate.
    20 | D:5      | Found a runed translucent gate.
    35 | D:5      | Found an iron altar of Okawaru.
   100 | D:5      | Found a glowing golden altar of the Shining One.
   134 | D:5      | Became a worshipper of Warmaster Okawaru
   205 | D:5      | Reached XP level 2. HP: 24/27 MP: 2/2
   245 | D:5      | Noticed a necrophage
   265 | D:6      | Identified the +2 long sword "Mecul" {drain, rC+ rN+}
   373 | D:5      | Noticed an ice beast
   373 | D:5      | Noticed HuGe's ghost (novice MiBe)
   451 | D:2      | Reached skill level 3 in Axes
   649 | D:1      | Found Wedoqud's Book Shop.
   750 | D:1      | Reached XP level 3. HP: 23/33 MP: 3/3
  2096 | D:3      | Reached skill level 1 in Shields
  2235 | D:3      | Found an opulent altar of Gozag.
  2235 | D:3      | Found a glowing silver altar of Zin.
  2349 | D:3      | Reached XP level 4. HP: 34/40 MP: 4/4
  2443 | D:3      | Reached skill level 1 in Slings
  2483 | D:3      | Found a stormy altar of Qazlal.
  2557 | D:3      | Noticed Robin
  2745 | D:3      | Killed Robin
  2746 | D:3      | Reached skill level 3 in Fighting
  2746 | D:3      | Reached skill level 1 in Armour
  2929 | D:4      | Noticed a phantom
  2946 | D:4      | HP: 9/42 [phantom (7)]
  2954 | D:4      | Killed a phantom
  2954 | D:4      | Reached * piety under Okawaru
  2955 | D:4      | Reached skill level 2 in Slings
  2955 | D:4      | Reached skill level 2 in Shields
  2955 | D:4      | Reached XP level 5. HP: 34/49 MP: 5/5
  2994 | D:4      | Noticed Sigmund
  3185 | D:5      | Reached skill level 2 in Armour
  3221 | D:5      | Noticed a yak
  3222 | D:5      | Noticed a yak
  3223 | D:5      | Noticed a yak
  3241 | D:5      | Reached XP level 6. HP: 31/56 MP: 6/6
  3655 | D:4      | Found an ornate altar of the Wu Jian Council.
  3749 | D:4      | Killed Sigmund
  3750 | D:4      | Reached skill level 4 in Fighting
  3750 | D:4      | Reached skill level 3 in Slings
  3750 | D:4      | Reached skill level 3 in Armour
  3750 | D:4      | Reached skill level 3 in Shields
  3750 | D:4      | Reached XP level 7. HP: 44/64 MP: 7/7
  3940 | D:4      | You pick up a book of Cantrips and begin reading...
  4072 | D:5      | Reached ** piety under Okawaru
  4274 | D:5      | Reached skill level 4 in Slings
  4274 | D:5      | Reached skill level 4 in Shields
  4405 | D:6      | Reached skill level 4 in Armour
  4418 | D:6      | Identified a scroll of acquirement
  4418 | D:6      | Acquired the +2 broad axe of Kuyz {flame, Will+}
  4442 | D:6      | Reached skill level 4 in Axes
  4522 | D:6      | Reached XP level 8. HP: 28/73 MP: 8/8
  4528 | D:6      | Found a staircase to the Ecumenical Temple.
  4580 | D:6      | HP: 14/73 [wyvern skeleton (10)]
  4582 | D:6      | Reached skill level 5 in Axes
  4747 | D:6      | Reached *** piety under Okawaru
  4801 | D:6      | Reached skill level 6 in Axes
  4917 | D:7      | HP: 15/73 [wight/+3 halberd (7)]
  5000 | D:7      | Reached skill level 7 in Axes
  5050 | D:7      | Received a gift from Okawaru
  5060 | D:7      | You pick up a book of Burglary and begin reading...
  5060 | D:7      | You add the spells Passwall, Ensorcelled Hibernation and
                  | Swiftness to your library.
  5142 | D:7      | Reached skill level 8 in Axes
  5168 | D:7      | HP: 15/70 [scorpion (6)]
  5216 | D:7      | Reached skill level 9 in Axes
  5347 | D:7      | Gained mutation: You passively map the area around you.
                  | [Deep Dwarf growth]
  5347 | D:7      | Reached XP level 9. HP: 21/79 MP: 9/9
  5399 | D:7      | Reached **** piety under Okawaru
  5928 | D:8      | Found a snail-covered altar of Cheibriados.
  5929 | D:8      | Noticed Maurice
  6041 | D:8      | Found a white marble altar of Elyvilon.
  6051 | D:8      | Noticed Gastronok
  6057 | D:8      | Reached skill level 10 in Axes
  6070 | D:8      | HP: 3/79 [Gastronok (24)]
  6207 | D:8      | Killed Gastronok
  6208 | D:8      | Reached skill level 12 in Axes
  6303 | D:7      | magus.rc [v1.9.6]
  6355 | D:8      | Reached ***** piety under Okawaru
  6526 | D:8      | Found a burning altar of Makhleb.
  6625 | D:8      | Killed Maurice
  6626 | D:8      | Reached skill level 13 in Axes
  6626 | D:8      | Reached XP level 10. HP: 32/87 MP: 10/10
  6956 | D:9      | Found a staircase to the Lair.
  7006 | Lair:1   | Entered Level 1 of the Lair of Beasts
  7006 | Lair:1   | Noticed a four-headed hydra
  7012 | Lair:1   | Killed a one-headed hydra
  7012 | Lair:1   | Received a gift from Okawaru
  7066 | Lair:1   | HP: 16/87 [yak (10)]
  7079 | D:9      | HP: 8/87 [yak (8)]
  7105 | D:9      | Reached skill level 14 in Axes
  7106 | D:9      | HP: 21/87 [yak (7)]
  7122 | D:9      | Found a broken altar of Ashenzari.
  7139 | D:9      | Found a radiant altar of Vehumet.
  7185 | D:9      | Noticed a two-headed ogre
  7265 | D:9      | HP: 15/87 [centaur/arrow (13)]
  7266 | D:10     | Entered Level 10 of the Dungeon
  7370 | D:11     | Noticed a two-headed ogre
  7388 | D:11     | Noticed a two-headed ogre
  7405 | D:10     | Reached skill level 15 in Axes
  7559 | D:10     | Found a staircase to the Orcish Mines.
  7587 | D:10     | Noticed a two-headed ogre
  7607 | D:10     | Reached ****** piety under Okawaru
  7621 | D:10     | Identified the +7 fustibalus of the Bear {flame, rElec}
                  | (Okawaru gifted it to you on level 10 of the Dungeon)
  7621 | D:10     | Received a gift from Okawaru
  7626 | D:10     | Reached skill level 16 in Axes
  7626 | D:10     | Reached XP level 11. HP: 47/93 MP: 11/11
  7650 | D:9      | Noticed a green ugly thing
  7887 | D:9      | Found a bloodstained altar of Trog.
  8015 | D:9      | Killed a two-headed ogre
  8050 | D:9      | Killed a green ugly thing
  8177 | D:9      | HP: 21/93 [acid dragon/splash of acid (15)]
  8432 | D:10     | Reached skill level 5 in Armour
  8519 | D:10     | Noticed a two-headed ogre
  8559 | D:10     | Killed a two-headed ogre
  8559 | D:10     | Killed a two-headed ogre
  8560 | D:10     | Reached skill level 17 in Axes
  8560 | D:10     | Reached skill level 6 in Armour
  8592 | D:10     | Identified the +6 mace of Action {drain, rPois MP+9}
  8620 | D:10     | Received a gift from Okawaru
  8874 | D:10     | Paralysed by a floating eye for 4 turns
  8880 | D:10     | Reached skill level 7 in Armour
  8994 | D:11     | Noticed a two-headed ogre
  9023 | D:11     | Killed a two-headed ogre
  9023 | D:11     | Identified the +2 pair of boots "Riun" {MP+9 Int+6}
                  | (Okawaru gifted it to you on level 11 of the Dungeon)
  9023 | D:11     | Received a gift from Okawaru
  9322 | D:11     | Noticed a two-headed ogre
  9358 | D:11     | Killed a two-headed ogre
  9359 | D:11     | Reached skill level 8 in Armour
  9445 | D:11     | Killed a two-headed ogre
  9446 | D:11     | Reached skill level 9 in Armour
  9570 | D:11     | Killed a two-headed ogre
  9626 | D:11     | Reached XP level 12. HP: 56/100 MP: 12/12
  9810 | D:12     | Noticed a six-headed hydra
  9820 | D:12     | Killed a one-headed hydra
  9821 | D:12     | Reached skill level 10 in Armour
  9844 | D:12     | Found a portal to a secret trove of treasure.
  9854 | D:12     | This trove needs the horn of Geryon to function. Give it
                  | the item?
  9863 | D:12     | Noticed a seven-headed hydra
  9869 | D:12     | HP: 25/100 [six-headed hydra (2)]
  9874 | D:12     | HP: 15/100 [two-headed hydra (6)]
  9878 | D:12     | Killed a one-headed hydra
  9915 | D:12     | You pick up a book of Air and begin reading...
  9915 | D:12     | You add the spells Shock and Airstrike to your library.
  9984 | D:12     | Reached skill level 11 in Armour
 10187 | D:12     | HP: 19/100 [orc knight/+0 halberd (13)]
 10193 | D:12     | HP: 14/100 [orc knight/+0 halberd (10)]
 10198 | D:12     | Mangled by an orc knight

Vanquished Creatures
  Gastronok (D:8)
  3 hydras
  7 two-headed ogres
  2 cyclopes
  2 ugly things
  3 centaur zombies
  Maurice (D:8)
  An unseen horror (D:10)
  2 kobold demonologists
  2 trolls
  Sigmund (D:4)
  A shadow (D:10)
  2 wraiths
  2 wyverns
  11 yaks
  A steam dragon (D:8)
  8 vampire mosquitoes
  An acid dragon (D:9)
  A floating eye (D:10)
  A water moccasin (D:7)
  5 orc warriors
  A sky beast (D:6)
  A black bear (D:6)
  A necrophage (D:4)
  6 centaurs
  2 ogres (D:5)
  3 phantoms
  6 kobold brigands
  2 bullfrogs
  A water moccasin zombie (D:5)
  A gnoll sergeant (D:8)
  3 scorpions
  A wyvern skeleton (D:6)
  A killer bee (D:10)
  5 wights
  A howler monkey (D:11)
  A gnoll shaman (D:7)
  2 jellies
  5 orc priests
  An iguana (D:7)
  4 orc wizards
  2 killer bee zombies
  4 howler monkey zombies
  Robin (D:3)
  8 gnolls
  9 adders
  3 worms
  2 dart slugs
  16 orcs
  6 endoplasms
  6 giant cockroaches
  13 goblins
  11 hobgoblins
  3 quokkas
  8 ball pythons
  4 bats
  17 kobolds
  3 rats
222 creatures vanquished.

Vanquished Creatures (collateral kills)
  3 orcs (D:12)
3 creatures vanquished.

Vanquished Creatures (others)
  4 fungi
  47 plants
51 creatures vanquished.

Grand Total: 276 creatures vanquished

Table legend:
 A = Non-vault XP
 B = Vault XP
 C = Vault XP percentage of total XP
 D = Non-vault monster count
 E = Vault monster count
 F = Vault count percentage of total count
                 A         B        C        D         E       F
            +---------+---------+-------+---------+---------+-------
      Total |   18352 |    7806 |  29.8 |     186 |      39 |  17.3
            +---------+---------+-------+---------+---------+-------
        D:1 |      21 |       0 |   0.0 |      13 |       0 |   0.0
        D:2 |      47 |       3 |   6.0 |      14 |       2 |  12.5
        D:3 |      47 |      32 |  40.5 |      22 |      10 |  31.2
        D:4 |     271 |     237 |  46.7 |      11 |       4 |  26.7
        D:5 |     498 |       0 |   0.0 |      13 |       0 |   0.0
        D:6 |     700 |       0 |   0.0 |      13 |       0 |   0.0
        D:7 |    1149 |       0 |   0.0 |      20 |       0 |   0.0
        D:8 |     864 |    1897 |  68.7 |      18 |       2 |  10.0
        D:9 |    1362 |    1355 |  49.9 |      13 |       2 |  13.3
       D:10 |    2780 |    4282 |  60.6 |      16 |      19 |  54.3
       D:11 |    5495 |       0 |   0.0 |      12 |       0 |   0.0
       D:12 |    3781 |       0 |   0.0 |      17 |       0 |   0.0
     Lair:1 |    1337 |       0 |   0.0 |       4 |       0 |   0.0
            +---------+---------+-------+---------+---------+-------

Illustrated notes

Table legend:
 A = Kills in this place as a percentage of kills in entire the game.
 B = Kills by you in this place as a percentage of kills by you in the entire game.
 C = Kills by friends in this place as a percentage of kills by friends in the entire game.
 D = Other kills in this place as a percentage of other kills in the entire game.
 E = Experience gained in this place as a percentage of experience gained in the entire game.
 F = Experience gained in this place divided by the number of levels of this place that you have seen.
                   A       B       C       D       E      F
               +-------+-------+-------+-------+-------+----------------------
         Total | 100.0 | 100.0 | 100.0 |   N/A | 100.0 | 2012.2
       Dungeon |  98.2 |  98.2 | 100.0 |   N/A |  94.9 | 2068.4
          Lair |   1.8 |   1.8 |   0.0 |   N/A |   5.1 | 1337.0
               +-------+-------+-------+-------+-------+----------------------

Table legend: (Time is in decaauts)
 A = Elapsed time spent in this place.
 B = Non-inter-level travel time spent in this place.
 C = Inter-level travel time spent in this place.
 D = Time resting spent in this place.
 E = Time spent auto-exploring this place.
 F = Levels seen in this place.
 G = Mean time per level.
                   A        B        C        D        E       F      G
               +--------+--------+--------+--------+--------+-----+--------+
         Total |  10296 |   9735 |    561 |   1075 |   5663 |  13 |  792.0 |
       Dungeon |  10225 |   9664 |    561 |   1075 |   5645 |  12 |  852.1 |
          Lair |     70 |     70 |      0 |      0 |     18 |   1 |   70.0 |
               +--------+--------+--------+--------+--------+-----+--------+

Top non-repeatable levels by time:
     D:5: 1113 daAuts
     D:7: 1056 daAuts
    D:11: 980 daAuts
     D:8: 976 daAuts
     D:3: 918 daAuts
    D:10: 905 daAuts
     D:1: 904 daAuts
     D:9: 883 daAuts
     D:4: 784 daAuts
     D:2: 710 daAuts
     D:6: 586 daAuts
    D:12: 404 daAuts
  Lair:1: 70 daAuts
